 Dungeon Crawl Stone Soup version 0.30-a0-643-g638baaf3f0 (webtiles) character file.

Game seed: 1484810378788885141

7 Conn the Magician (level 1, -2/7 HPs)
             Began as a Felid Hedge Wizard on Jan 16, 2023.
             Frozen to death by an endoplasm (3 damage)
             ... on level 2 of the Dungeon.
             The game lasted 00:01:13 (236 turns).

Conn the Magician (Felid Hedge Wizard)               Turns: 236, Time: 00:01:13

Health: -2/7       AC:  1    Str:  6    XL:     1   Next: 91%
Magic:  4/5        EV: 17    Int: 15    God:
Gold:   45         SH:  0    Dex: 15    Spells: 5/6 levels left
                                        Lives:  0   Deaths: 0

rFire   . . .      SeeInvis +    (weapon unavailable)
rCold   . . .      Faith    .    (shield unavailable)
rNeg    . . .      Spirit   .    (body armour unavailable)
rPois   .          Reflect  .    (helmet unavailable)
rElec   .          Harm     .    (cloak unavailable)
rCorr   .          Rampage  .    (gloves unavailable)
Will    .....                    (boots unavailable)
Stlth   ++                       (no amulet)
HPRegen 0.21/turn                (no ring)
MPRegen 0.09/turn                (no ring)

@: quick
A: very small, claws 1, fangs 3, see invisible, speed 1, shaggy fur 1, stealthy
paws, no weapons or thrown items, no armour, multi-lived
a: no special abilities


You were on level 2 of the Dungeon.
You visited 1 branch of the dungeon, and saw 2 of its levels.

You collected 45 gold pieces.

Inventory:

Scrolls
 c - a scroll of identify {unknown}
 d - a scroll of acquirement {unknown}
Potions
 a - a potion of magic
 b - a potion of curing {unknown}


   Skills:
 + Level 2.7 Dodging
 + Level 2.7 Stealth
 + Level 3.4 Spellcasting
 + Level 0.8 Conjurations
 + Level 1.0 Summonings
 + Level 1.5 Translocations


You had 5 spell levels left.
You knew the following spells:

 Your Spells              Type           Power      Damage    Failure   Level
a - Magic Dart            Conj           20%        1d4       13%         1

Your spell library contained the following spells:

 Spells                   Type           Power      Damage    Failure   Level
 Blink                    Tloc           14%        N/A       16%         2
 Slow                     Hex            8%         N/A       19%         1
 Call Imp                 Summ           5%         N/A       19%         2
 Cigotuvi's Dreadful Rot  Necr/Pois/Air  4%         N/A       28%         2
 Mephitic Cloud           Conj/Pois/Air  3%         N/A       45%         3


Dungeon Overview and Level Annotations

Branches:
Dungeon (2/15)

Altars:


Innate Abilities, Weirdness & Mutations

You have sharp claws.
You have razor-sharp teeth.
You have supernaturally acute eyesight. (SInv)
You cover ground quickly. (Speed+)
You are covered in fur. (AC +1)
Your paws help you pounce on unaware monsters.
You are incapable of wielding weapons or throwing items.
You cannot wear armour.
You gain extra lives every three experience levels.


Message History

You scratch the jackal.
The jackal is lightly wounded.
The jackal barely misses you.
You scratch the jackal but do no damage.
The jackal is lightly wounded.
The jackal closely misses you. The jackal misses you.
You scratch the jackal but do no damage.
The jackal completely misses you.
You closely miss the jackal. The jackal misses you.
The jackal bites you but does no damage.
You barely miss the jackal. The jackal closely misses you.
You scratch the jackal but do no damage.
The jackal completely misses you.
You miss the jackal. The jackal misses you. x2
You scratch the jackal. You bite the jackal.
The jackal is heavily wounded.
The jackal closely misses you.
You scratch the jackal.
You kill the jackal!
You scratch the jackal but do no damage.
The jackal closely misses you.
You scratch the jackal but do no damage.
The jackal bites you but does no damage.
The jackal completely misses you.
You scratch the jackal.
The jackal is moderately wounded.
The jackal bites you.
You scratch the jackal.
You kill the jackal!
You scratch the endoplasm.
The endoplasm is lightly wounded.
The endoplasm freezes you.
You are frozen.
Ouch! That really hurt!
* * * LOW HITPOINT WARNING * * *
You scratch the endoplasm.
The endoplasm is moderately wounded.
The endoplasm freezes you.
You are frozen.
You die...

#........##
...........
........# .......#
# # #..... ..
#.##.#.##.#.# #.#
#............
....<#####...##.#.
#. #.JJ@........#.
#. #######...####.
#. #....####. #.
#.#.....#.## #.
#....##.#..# #.
###..##.##.####.
#...#.........
#.#.###...###.
...#....###.##.


You could see 2 endoplasms.

Vanquished Creatures
  An endoplasm (D:1)
  4 jackals (D:2)
  A bat (D:2)
6 creatures vanquished.

Notes
Turn   | Place    | Note
-------+----------+-------------------------------------------
     0 | D:1      | Conn the Felid Hedge Wizard began the quest for the Orb.
     0 | D:1      | Reached XP level 1. HP: 7/7 MP: 5/5
   236 | D:2      | Frozen to death by an endoplasm

Illustrated notes

Levels and vault maps discovered:
D:1:      heliophobic_arrival_henge, layout_loops_cross
D:2:      minmay_door_path, layout_loops_ring

Action                   || total
-------------------------++-------
Melee: Unarmed           ||    24
       Bite              ||     1
 Cast: Magic Dart        ||     9
  Use: Scroll            ||     1
Armor: Skin              ||     2
Dodge: Dodged            ||    30

Table legend: (Time is in decaauts)
 A = Elapsed time spent in this place.
 B = Non-inter-level travel time spent in this place.
 C = Inter-level travel time spent in this place.
 D = Time resting spent in this place.
 E = Time spent auto-exploring this place.
 F = Levels seen in this place.
 G = Mean time per level.
                   A        B        C        D        E       F      G
               +--------+--------+--------+--------+--------+-----+--------+
         Total |    209 |    209 |      0 |     46 |     84 |   2 |  104.5 |
       Dungeon |    209 |    209 |      0 |     46 |     84 |   2 |  104.5 |
               +--------+--------+--------+--------+--------+-----+--------+

Top non-repeatable levels by time:
     D:2: 171 daAuts
     D:1: 37 daAuts
